 Dungeon Crawl Stone Soup version 0.26-a0-737-g4e9f4955e2 (webtiles) character file.

Game seed: 1564345873549869411

1382 Gargoyl the Skirmisher (level 8, 0/67 HPs)
             Began as a Gnoll Abyssal Knight on Nov 4, 2020.
             Was an Elder of Lugonu.
             Splashed by a jelly's acid (9 damage)
             ... on level 5 of the Dungeon.
             The game lasted 00:07:33 (4739 turns).

Gargoyl the Skirmisher (Gnoll Abyssal Knight)       Turns: 4739, Time: 00:07:35

Health: 0/67       AC:  8    Str: 17    XL:     8   Next: 67%
Magic:  13/13      EV:  7    Int: 14    God:    Lugonu [****..]
Gold:   409        SH:  0    Dex: 19    Spells: 13/13 levels left

rFire    . . .     SeeInvis .   a - +1 hand axe
rCold    . . .     Faith    .   (no shield)
rNeg     . . .     Spirit   .   c - +9 plate armour of Buju {Dex+4}
rPois    .         Reflect  .   (no helmet)
rElec    .         Harm     .   m - +0 cloak
rCorr    .         Rampage  .   (no gloves)
MR       .....                  o - +0 pair of boots
Stlth    ..........             i - amulet of regeneration
HPRegen  0.61/turn              f - ring of stealth
MPRegen  0.13/turn              (no ring)

@: corroded
A: distributed training, fangs 1, strong nose
a: Depart the Abyss, Bend Space, Banish, Corrupt, Renounce Religion


You were on level 5 of the Dungeon.
You worshipped Lugonu.
Lugonu was greatly pleased with you.
You visited 1 branch of the dungeon, and saw 6 of its levels.
You visited the Abyss 1 time.
You also visited: Sewer.

You collected 409 gold pieces.

Inventory:

Hand Weapons
 a - a +1 hand axe (weapon)
Missiles
 h - 11 boomerangs (quivered)
 u - 7 poisoned darts
Armour
 c - the +9 plate armour of Buju (worn) {Dex+4}
   (You found it on level 2 of the Abyss)

   It affects your dexterity (+4).
 m - a +0 cloak (worn)
 o - a +0 pair of boots (worn)
Jewellery
 f - a ring of stealth (left hand)
 i - an amulet of regeneration (around neck)
Wands
 t - a wand of digging (5)
Scrolls
 b - a scroll of fog
 e - 4 scrolls of remove curse
 j - 2 scrolls of magic mapping
 q - 3 scrolls of identify
 r - 2 scrolls of teleportation
Potions
 d - 4 potions of curing
 g - a potion of mutation
 k - a potion of berserk rage {unknown}
 l - 4 potions of heal wounds
 n - 3 potions of magic {unknown}
 p - 2 potions of flight


   Skills:
 + Level 7.5 Fighting
 + Level 3.4 Short Blades
 + Level 3.4 Long Blades
 + Level 5.8 Axes
 + Level 3.4 Maces & Flails
 + Level 3.4 Polearms
 + Level 3.4 Staves
 + Level 3.4 Slings
 + Level 3.4 Bows
 + Level 3.4 Crossbows
 + Level 3.4 Throwing
 + Level 5.8 Armour
 + Level 4.4 Dodging
 + Level 3.4 Stealth
 + Level 3.4 Shields
 + Level 3.4 Unarmed Combat
 + Level 3.4 Spellcasting
 + Level 2.8 Conjurations
 + Level 2.8 Hexes
 + Level 2.8 Summonings
 + Level 2.8 Necromancy
 + Level 2.8 Translocations
 + Level 2.8 Transmutations
 + Level 2.8 Fire Magic
 + Level 2.8 Ice Magic
 + Level 2.8 Air Magic
 + Level 2.8 Earth Magic
 + Level 2.8 Poison Magic
 + Level 6.0 Invocations
 + Level 3.4 Evocations


You had 13 spell levels left.
You didn't know any spells.
Your spell library was empty.

Dungeon Overview and Level Annotations

Branches:
Dungeon (6/15)              Sewer (visited)
 Temple: D:4-7

Altars:
Ashenzari
Dithmenos
Elyvilon
Hepliaklqana
Ru
Trog
Vehumet
Xom


Innate Abilities, Weirdness & Mutations

Your experience applies equally to all skills.
You have very sharp teeth.
Your uncanny sense of smell can sniff out nearby items.


Message History

The jelly hits you.
You are splashed with acid.
* * * LOW HITPOINT WARNING * * *
You hit the jelly but do no damage.
Your hands burn!
* * * LOW HITPOINT WARNING * * *
You bite the jelly, but do no damage.
The jelly is heavily wounded.
The jelly hits you but does no damage.
You hit the jelly but do no damage. The acid corrodes you!
Your hands burn!
* * * LOW HITPOINT WARNING * * *
The jelly is heavily wounded.
The jelly hits you but does no damage.
Unknown command.
You hit the jelly but do no damage.
Your hands burn!
* * * LOW HITPOINT WARNING * * *
You bite the jelly, but do no damage.
The jelly is heavily wounded.
The jelly hits you.
* * * LOW HITPOINT WARNING * * *
You are splashed with acid!
You die...

..................####.###
.............#.#..##.....##
.............####..#......#
...............###<.......##
.........#.#...###.........#
#......#######.##(...#.....#
.........#########....#....#
............###..##...#...##.
..<.##......##..@.#..†#...#Z.
.....##.....##..#J#...#...#r#
............#..##.#..#.#..#.
...#........#..#l.#..#.#..#.∆
............#..####..#.#..###
............##..##..##.##..#
.............#......#...#....
.............##....##...##...
..............##..## ....# ..


You could see a jelly.

Vanquished Creatures
  A black bear (D:5)
  An orc warrior (D:6)
  2 ogres (D:4)
  A centaur (D:6)
  A big kobold (Sewer)
  A bullfrog (D:6)
  2 howler monkeys
  A vampire bat (D:3)
  An electric eel (D:6)
  A hound (D:2)
  5 orc wizards
  An orc priest (D:4)
  An iguana (D:4)
  Ijyb (D:3)
  4 worker ants
  A howler monkey skeleton (D:6)
  8 adders
  A river rat (Sewer)
  A white imp (D:5)
  An ufetubus (D:5)
  An ooze (D:3)
  An adder skeleton (D:4)
  A worm (D:2)
  3 dart slugs
  3 fire bats (D:3)
  4 leopard geckos
  11 orcs
  2 spectral bats (D:3)
  14 bats
  3 bat skeletons (D:3)
  A bat zombie (D:3)
  15 giant cockroaches
  10 goblins
  7 hobgoblins
  13 jackals
  6 kobolds
  4 quokkas
  A ball python (D:1)
  A ball python skeleton (D:5)
  A bat simulacrum (D:3)
  5 frilled lizards
  A jackal zombie (D:5)
  8 rats
152 creatures vanquished.

Vanquished Creatures (others)
  2 fungi (D:1)
  4 plants (D:6)
  3 toadstools (D:1)
9 creatures vanquished.

Grand Total: 161 creatures vanquished

Notes
Turn   | Place    | Note
-------+----------+-------------------------------------------
     0 | Abyss:1  | Gargoyl the Gnoll Abyssal Knight began the quest for the
                  | Orb.
     0 | Abyss:1  | Reached XP level 1. HP: 23/23 MP: 3/3
    52 | Abyss:1  | Found a shimmering blue altar of Sif Muna.
    52 | Abyss:1  | Noticed a kobold demonologist
    52 | Abyss:1  | Noticed a boggart
    59 | Abyss:1  | Noticed an orc high priest
    59 | Abyss:1  | Noticed a deep elf mage
    61 | Abyss:1  | Noticed a small abomination
    62 | Abyss:1  | Noticed a sixfirhy
    83 | Abyss:2  | Got an encrusted plate armour
    94 | Abyss:2  | Identified the +9 plate armour of Buju {Dex+4} (You found
                  | it on level 2 of the Abyss)
   116 | Abyss:2  | Noticed a small abomination
   129 | D:1      | Escaped the Abyss
   151 | D:1      | You fall into a shaft and drop 1 floor!
   159 | D:2      | Reached * piety under Lugonu
   165 | D:2      | Reached XP level 2. HP: 25/29 MP: 5/5
   378 | D:1      | Reached XP level 3. HP: 35/35 MP: 6/6
   836 | D:1      | Reached skill level 1 in Short Blades
   836 | D:1      | Reached skill level 1 in Long Blades
   836 | D:1      | Reached skill level 1 in Maces & Flails
   836 | D:1      | Reached skill level 1 in Polearms
   836 | D:1      | Reached skill level 1 in Staves
   836 | D:1      | Reached skill level 1 in Slings
   836 | D:1      | Reached skill level 1 in Bows
   836 | D:1      | Reached skill level 1 in Crossbows
   836 | D:1      | Reached skill level 1 in Throwing
   836 | D:1      | Reached skill level 1 in Stealth
   836 | D:1      | Reached skill level 1 in Shields
   836 | D:1      | Reached skill level 1 in Unarmed Combat
   836 | D:1      | Reached skill level 1 in Spellcasting
   836 | D:1      | Reached skill level 1 in Evocations
  1103 | D:1      | Reached ** piety under Lugonu
  1306 | D:2      | Found a hazy altar of Hepliaklqana.
  1312 | D:2      | Reached XP level 4. HP: 39/41 MP: 7/7
  1332 | D:2      | You fall into a shaft and drop 2 floors!
  1405 | D:4      | Reached skill level 1 in Conjurations
  1405 | D:4      | Reached skill level 1 in Hexes
  1405 | D:4      | Reached skill level 1 in Summonings
  1405 | D:4      | Reached skill level 1 in Necromancy
  1405 | D:4      | Reached skill level 1 in Translocations
  1405 | D:4      | Reached skill level 1 in Transmutations
  1405 | D:4      | Reached skill level 1 in Fire Magic
  1405 | D:4      | Reached skill level 1 in Ice Magic
  1405 | D:4      | Reached skill level 1 in Air Magic
  1405 | D:4      | Reached skill level 1 in Earth Magic
  1405 | D:4      | Reached skill level 1 in Poison Magic
  1668 | D:4      | Reached XP level 5. HP: 47/47 MP: 8/8
  1689 | D:4      | Reached skill level 5 in Invocations
  1729 | D:4      | Noticed an ogre
  1736 | D:4      | Killed an ogre
  1736 | D:4      | Reached skill level 5 in Axes
  1736 | D:4      | Reached skill level 5 in Armour
  1736 | D:4      | Reached XP level 6. HP: 37/53 MP: 9/9
  1913 | D:3      | You fall into a shaft and drop 3 floors!
  1913 | D:6      | Noticed an orc warrior
  1939 | D:6      | Killed an orc warrior
  1939 | D:6      | Reached skill level 7 in Fighting
  1939 | D:6      | Reached XP level 7. HP: 23/60 MP: 10/10
  2212 | D:6      | Found a radiant altar of Vehumet.
  2216 | D:5      | Entered Level 5 of the Dungeon
  2260 | D:4      | Found a shimmering altar of Xom.
  2344 | D:4      | Reached XP level 8. HP: 34/67 MP: 12/12
  2456 | D:3      | Found a glowing drain.
  2467 | D:3      | Reached *** piety under Lugonu
  2470 | Sewer    | Entered a sewer
  2586 | Sewer    | Found a white marble altar of Elyvilon.
  2658 | D:2      | Found a broken altar of Ashenzari.
  2658 | D:2      | Found a shadowy altar of Dithmenos.
  3116 | D:3      | Found a faded altar of an unknown god.
  3237 | D:3      | Noticed Ijyb
  3249 | D:3      | Killed Ijyb
  3367 | D:3      | Reached **** piety under Lugonu
  3588 | D:3      | Found a bloodstained altar of Trog.
  4635 | D:5      | Found a white marble altar of Elyvilon.
  4636 | D:5      | Found a sacrificial altar of Ru.
  4739 | D:5      | Splashed by a jelly's acid

Illustrated notes

Levels and vault maps discovered:
D:1:      dpeg_arrival_stone_temple_mockup, layout_basic,
          hangedman_decor_clover_reticule, minmay_gold_behind_fungi
D:2:      layout_basic, lemuel_round_altar, nicolae_overflow_hidden_temple
D:3:      layout_loops_cross, old_standard_altar, gup_sewer_entry_pipe,
          chequers_ecumenical_altar_simple, goddamned_bats, uniq_ijyb
D:4:      layout_cave_pods, xom_teletrap_fun
D:5:      layout_cave_pools, gammafunk_temple_overflow_pools, minmay_puff
D:6:      layout_basic, lemuel_crystal_altar, serial_bayou, serial_bayou_pond_b,
          serial_bayou_ford_a, serial_bayou_shore_b, serial_bayou_pond_e,
          minmay_misc_feat_enclosed

Skill      XL: |  1  2  3  4  5  6  7  8 |
---------------+-------------------------+-----
Short Blades   | 1 2 3 |  3.4
Long Blades    | 1 2 3 |  3.4
Maces & Flails | 1 2 3 |  3.4
Polearms       | 1 2 3 |  3.4
Staves         | 1 2 3 |  3.4
Slings         | 1 2 3 |  3.4
Bows           | 1 2 3 |  3.4
Crossbows      | 1 2 3 |  3.4
Throwing       | 1 2 3 |  3.4
Stealth        | 1 2 3 |  3.4
Shields        | 1 2 3 |  3.4
Unarmed Combat | 1 2 3 |  3.4
Spellcasting   | 1 2 3 |  3.4
Evocations     | 1 2 3 |  3.4
Conjurations   | 1 2 |  2.8
Hexes          | 1 2 |  2.8
Summonings     | 1 2 |  2.8
Necromancy     | 1 2 |  2.8
Translocations | 1 2 |  2.8
Transmutations | 1 2 |  2.8
Fire Magic     | 1 2 |  2.8
Ice Magic      | 1 2 |  2.8
Air Magic      | 1 2 |  2.8
Earth Magic    | 1 2 |  2.8
Poison Magic   | 1 2 |  2.8
Dodging        | 3 4 |  4.4
Invocations    | 5 6 |  6.0
Axes           | 5 |  5.8
Armour         | 5 |  5.8
Fighting       | 7 |  7.5

Action                   |  1- 3 |  4- 6 |  7- 9 || total
-------------------------+-------+-------+-------++-------
Melee: Hand axe          |    86 |    96 |   353 ||   535
       Bite              |    12 |     8 |    49 ||    69
       Punch             |       |       |     4 ||     4
Throw: Boomerang         |       |     4 |       ||     4
Invok: Depart the Abyss  |     1 |       |       ||     1
  Use: Scroll            |       |     7 |     7 ||    14
       Potion            |       |     1 |       ||     1
Armor: Plate armour      |    91 |    88 |   426 ||   605
Dodge: Dodged            |    29 |    36 |   206 ||   271

Table legend: (Time is in decaauts)
 A = Elapsed time spent in this place.
 B = Non-inter-level travel time spent in this place.
 C = Inter-level travel time spent in this place.
 D = Time resting spent in this place.
 E = Time spent auto-exploring this place.
 F = Levels seen in this place.
 G = Mean time per level.
                   A        B        C        D        E       F      G
               +--------+--------+--------+--------+--------+-----+--------+
         Total |   4812 |   4669 |    143 |    535 |   2739 |   9 |  534.7 |
       Dungeon |   4498 |   4355 |    143 |    535 |   2530 |   6 |  749.7 |
         Abyss |    128 |    128 |      0 |      0 |     87 |   2 |   64.0 |
         Sewer |    184 |    184 |      0 |      0 |    122 |   1 |  184.0 |
               +--------+--------+--------+--------+--------+-----+--------+

Top non-repeatable levels by time:
     D:4: 1181 daAuts
     D:1: 1017 daAuts
     D:3: 1000 daAuts
     D:2: 604 daAuts
     D:5: 388 daAuts
     D:6: 305 daAuts
   Sewer: 184 daAuts
 Abyss:1: 65 daAuts
 Abyss:2: 63 daAuts
